 Dungeon Crawl Stone Soup version 0.30-a0-800-g7c544603b3 (webtiles) character file.

Game seed: 4624212245167903620

25 dialectric the Ducker (level 2, 0/22 HPs)
             Began as a Demonspawn Gladiator on Feb 21, 2023.
             Slain by Sigmund
             ... wielding a +0 scythe
              (1 damage)
             ... on level 2 of the Dungeon.
             The game lasted 00:01:32 (777 turns).

dialectric the Ducker (Demonspawn Gladiator)         Turns: 777, Time: 00:01:33

Health: 0/22       AC:  4    Str: 13 (14) XL:     2   Next: 86%
Magic:  2/2        EV: 12    Int:  8 (9)  God:
Gold:   56         SH:  0    Dex: 11 (14) Spells: 1/1 levels left

rFire   . . .      SeeInvis .    a - +0 quarterstaff
rCold   . . .      Faith    .    (shield currently unavailable)
rNeg    . . .      Spirit   .    b - +0 leather armour
rPois   .          Reflect  .    c - +0 helmet
rElec   .          Harm     .    (no cloak)
rCorr   .          Rampage  .    (no gloves)
Will    .....                    (no boots)
Stlth   +                        (no amulet)
HPRegen 0.23/turn                (no ring)
MPRegen 0.08/turn                (no ring)

@: no status effects
A: powered by pain 1
a: no special abilities


You were on level 2 of the Dungeon.
You visited 1 branch of the dungeon, and saw 2 of its levels.

You collected 56 gold pieces.

Inventory:

Hand Weapons
 a - a +0 quarterstaff (weapon)
Missiles
 d - 3 throwing nets (quivered)
 e - a javelin
Armour
 b - a +0 leather armour (worn)
 c - a +0 helmet (worn)
Jewellery
 j - a +6 ring of strength
Scrolls
 g - 2 scrolls of poison {unknown}
 i - a scroll of enchant weapon {unknown}
 m - a scroll of immolation {unknown}
Potions
 f - a potion of cancellation
 h - a potion of heal wounds {unknown}
 l - 2 potions of haste


   Skills:
 + Level 2.1 Fighting
 + Level 3.1 Staves
 * Level 1.9 Throwing
 + Level 3.1 Dodging
 - Level 0.2 Stealth


You had one spell level left.
You didn't know any spells.
Your spell library contained the following spells:

 Spells                   Type           Power      Damage    Failure   Level
 Apportation              Tloc           0%         N/A       50%         1
 Necrotise                Necr           0%         1d4       50%         1
 Summon Small Mammal      Summ           0%         N/A       50%         1


Dungeon Overview and Level Annotations

Branches:
Dungeon (2/15)

Altars:

Annotations:
D:2 Sigmund


Innate Abilities, Weirdness & Mutations

You sometimes gain a little power by taking damage.


Message History

No target in view!
Found a stone staircase leading down.
No target in view!
No target in view!
m - a scroll labelled ZIVAIZX EHUM Sigmund the Dreaded comes into view.
He is wielding a +0 scythe, wearing a +2 robe of cold resistance and carrying a wand of roots (9).
Sigmund gestures at you while chanting. You resist with significant effort.
Sigmund is nearby!
Sigmund drinks a potion.
Sigmund seems to speed up.
Sigmund hits you but does no damage.
Sigmund zaps a wand.
The roots erupt in riotous growth!
The grasping roots grab you!
Sigmund is unaffected.
The grasping roots constrict you.
You hear an angry hiss.
You hear a bark!
You hit Sigmund.
Sigmund is lightly wounded.
Sigmund barely misses you. The grasping roots constrict you.
You hit Sigmund.
Sigmund is lightly wounded.
Sigmund mumbles some strange words.
Sigmund flickers and vanishes!
Deactivating autopickup; reactivate with Ctrl-A.
You are constricted.
Something hits you.
You are constricted.
You are too injured to fight recklessly!
Unknown command.
It was a potion of cancellation.
You feel magically purged.
You hear some strange, mumbled words.
A magic dart appears from out of thin air!
The magic dart hits you.
* * * LOW HITPOINT WARNING * * *
You are constricted.
* * * LOW HITPOINT WARNING * * *
The grasping roots release their grip on you.
Unknown command.
It was a potion of degeneration.
There was something very wrong with that liquid.
You feel weakened.
You feel dopey.
You feel clumsy. Something hits you.
You die...

#.# #.# .# . #.# ### .#
..##.# #.#..# ....
..#..#
#.###########.#..# #
#................####
#.##.#######..#.........
#.....######....@{.....#
.............#..##.###.#
#####..#.......... #
.......#.####...###
#.###.........#.#
#.#...#####.#
#####.#...# #.#
<.....##>## #.#
...#^.####


There were no monsters in sight!

Vanquished Creatures
  A dart slug (D:1)
  A ball python (D:1)
  3 bats (D:1)
  2 endoplasms (D:1)
  2 giant cockroaches (D:1)
  2 goblins (D:1)
  3 hobgoblins (D:1)
  A quokka (D:1)
  3 frilled lizards (D:1)
  2 kobolds (D:1)
  A rat (D:1)
21 creatures vanquished.

Notes
Turn   | Place    | Note
-------+----------+-------------------------------------------
     0 | D:1      | dialectric the Demonspawn Gladiator began the quest for the
                  | Orb.
     0 | D:1      | Reached XP level 1. HP: 16/16 MP: 1/1
   318 | D:1      | Gained mutation: You sometimes gain a little power by
                  | taking damage. [demonic ancestry]
   318 | D:1      | Reached XP level 2. HP: 19/22 MP: 2/2
   769 | D:2      | Noticed Sigmund
   776 | D:2      | HP: 1/22 [something (3)]
   777 | D:2      | Slain by Sigmund

Illustrated notes

Levels and vault maps discovered:
D:1:      dpeg_arrival_rooms_c, layout_loops_cross, chequers_mini_garden
D:2:      layout_basic, basic_altar, uniq_sigmund

Skill      XL: |  1  2 |
---------------+-------+-----
Dodging        | 3 |  3.1
Staves         | 3 |  3.1
Fighting       | |  2.1
Throwing       | |  1.9
Stealth        | |  0.2

Action                     || total
---------------------------++-------
  Melee: Quarterstaff      ||    43
    Use: Potion            ||     2
 Armour: Leather armour    ||    12
  Dodge: Dodged            ||    29

Table legend: (Time is in decaauts)
 A = Elapsed time spent in this place.
 B = Non-inter-level travel time spent in this place.
 C = Inter-level travel time spent in this place.
 D = Time resting spent in this place.
 E = Time spent auto-exploring this place.
 F = Levels seen in this place.
 G = Mean time per level.
                   A        B        C        D        E       F      G
               +--------+--------+--------+--------+--------+-----+--------+
         Total |    783 |    747 |     36 |      0 |    585 |   2 |  391.5 |
       Dungeon |    783 |    747 |     36 |      0 |    585 |   2 |  391.5 |
               +--------+--------+--------+--------+--------+-----+--------+

Top non-repeatable levels by time:
     D:1: 729 daAuts
     D:2: 54 daAuts
